 Dungeon Crawl Stone Soup version 0.31.0-12-g77e489cdc1 (webtiles) character file.

Game seed: 17670061813966512930

505 Killerpretzel the Changeling (level 7, -1/46 HPs)
             Began as an Octopode Shapeshifter on Mar 2, 2024.
             Slain by a gnoll
             ... wielding a +0 spear
              (4 damage)
             ... on level 3 of the Dungeon.
             The game lasted 00:06:30 (2704 turns).

Killerpretzel the Changeling (OpSh)                 Turns: 2704, Time: 00:06:31

Health: -1/46      AC:  1    Str: 13    XL:     7   Next: 18%
Magic:  16/16      EV: 14    Int: 12    God:
Gold:   142        SH:  0    Dex: 14    Spells: 6/6 levels left

rFire   + + .        d - +7 hand axe of Quukhliat {heavy, rF++ rC+ MP+9 SInv}
rCold   + . .        (no shield)
rNeg    . . .        (helmet currently unavailable)
rPois   .            (no amulet)
rElec   .            (no ring)
rCorr   .            (no ring)
SInv    +            (no ring)
Will    .....        (no ring)
Stlth   ++           (no ring)
HPRegen 0.27/turn    (no ring)
MPRegen 0.15/turn    (no ring)
                     (no ring)

%: no passive effects
@: beast-form
A: beast (slay +2), almost no armour, amphibious, 8 rings, camouflage 1,
gelatinous body 1, (nimble swimmer 1), tentacles
a: Begin Untransformation


You were on level 3 of the Dungeon.
You were a hulking beast.
You visited 1 branch of the dungeon, and saw 3 of its levels.

You collected 142 gold pieces.

Inventory:

Hand Weapons
 d - the +7 hand axe of Quukhliat (weapon) {heavy, rF++ rC+ MP+9 SInv}
   (You found it on level 2 of the Dungeon)

   rF++:      It greatly protects you from fire.
   rC+:       It protects you from cold.
   MP+9:      It affects your magic capacity (+9).
   SInv:      It lets you see invisible.
Talismans
 b - a beast talisman
 c - a flux talisman
 g - a talisman of death
Scrolls
 h - 2 scrolls of enchant weapon
 j - 2 scrolls of identify
 l - a scroll of vulnerability {unknown}
 n - a scroll of poison {unknown}
Potions
 a - 2 potions of curing {unknown}
 e - 2 potions of heal wounds
 f - a potion of brilliance {unknown}
 i - 2 potions of degeneration {unknown}
 k - a potion of ambrosia {unknown}
 m - a potion of berserk rage {unknown}


   Skills:
 + Level 3.3 Fighting
 + Level 3.7 Dodging
 + Level 4.4 Unarmed Combat
 * Level 5.1 Shapeshifting


You had 6 spell levels left.
You didn't know any spells.
Your spell library was empty.

Dungeon Overview and Level Annotations

Branches:
Dungeon (3/15)

Altars:
The Shining One

Shops:
D:1 [   D:3 ?

Annotations:
D:3 1 runed translucent door, LowPressure's ghost, amateur DsGl


Innate Abilities, Weirdness & Mutations

You are a hulking beast.
Your limbs bulge with bestial killing power. (Slay +2)
You cannot wear most types of armour.
You are amphibious.
You can wear up to eight rings at the same time.
Your skin changes colour to match your surroundings (Stealth+).
Your rubbery body absorbs attacks. (AC +1, EV +1)
((You are camouflaged when in or above water. (Stealth+)))
You have tentacles for arms and can constrict up to eight enemies at once.


Message History

A goblin comes into view. It is wielding a +0 club.
You hit the hobgoblin.
You kill the hobgoblin!
You hit the goblin.
You kill the goblin!
A gnoll comes into view. It is wielding a +0 club.
A gnoll comes into view. It is wielding a +0 spear.
The goblin hits you with a +0 club. The hobgoblin misses you.
The gnoll shouts!
You slash the hobgoblin!
You kill the hobgoblin!
You slash the goblin!
You kill the goblin!
The gnoll misses you. The goblin hits you with a +0 club.
You are too injured to fight recklessly!
You are too injured to fight recklessly!
There are monsters nearby!
You are too injured to fight recklessly!
You hit the goblin.
You kill the goblin!
You barely miss the goblin. The goblin misses you. The gnoll misses you.
The gnoll hits you from afar with a +0 spear!
The hobgoblin closely misses you. The goblin completely misses you.
You slash the goblin!
You kill the goblin!
You slash the hobgoblin!
You kill the hobgoblin!
The gnoll hits you from afar with a +0 spear.
The gnoll barely misses you. The gnoll misses you.
You barely miss the gnoll. You grab the gnoll. You constrict the gnoll.
The gnoll hits you with a +0 club!
The gnoll hits you from afar with a +0 spear.
The gnoll hits you from afar with a +0 spear!
* * * LOW HITPOINT WARNING * * *
The gnoll hits you with a +0 club.
* * * LOW HITPOINT WARNING * * *
You slash the gnoll!
You kill the gnoll!
The gnoll hits you from afar with a +0 spear.
You die...

######## ######## #≈≈≈≈≈≈≈#
.#.....## ##......# .#≈≈≈≈≈≈≈#
.'......###.......# ..#≈≈≈≈≈≈≈#
##.......#.?......##'##≈≈≈≈≈≈≈#
.........#...........#≈≈≈≈≈≈≈##
.........'...........#≈≈≈≈≈≈≈#
.........#.......g...#≈≈≈≈≈≈≈#
##.......#......))##'##≈≈≈≈≈≈#
.'......###.....h)# #≈≈≈≈≈##
.#.....## ##.....)# #≈≈≈≈≈#
################### #≈≈≈≈≈#
≈≈≈≈≈≈≈≈≈≈≈≈≈≈≈≈≈≈#####≈≈≈≈##
≈≈≈≈≈≈≈≈≈≈≈≈≈≈≈≈≈≈≈≈≈≈≈≈####
≈≈≈≈≈≈≈≈≈≈≈≈≈≈≈≈≈########
##################


You could see a gnoll.

Vanquished Creatures
  Sigmund (D:2)
  A bombardier beetle (D:3)
  An orc priest (D:3)
  Natasha (thrice) (D:2)
  An orc wizard (D:3)
  Robin (D:2)
  2 gnolls (D:3)
  2 adders (D:2)
  A white imp (D:3)
  5 dart slugs
  A ribbon worm (D:2)
  2 orcs (D:3)
  8 ball pythons
  6 endoplasms
  5 giant cockroaches
  17 hobgoblins
  8 jackals
  A kobold (D:1)
  6 quokkas
  9 bats
  2 frilled lizards (D:1)
  28 goblins
  2 goblin zombies (D:3)
  3 hobgoblin zombies (D:3)
  A kobold skeleton (D:3)
  2 kobold zombies (D:3)
  3 orc skeletons (D:3)
  7 rats
129 creatures vanquished.

Notes
Turn   | Place    | Note
-------+----------+-------------------------------------------
     0 | D:1      | Killerpretzel the Octopode Shapeshifter began the quest for
                  | the Orb.
     0 | D:1      | Reached XP level 1. HP: 13/13 MP: 1/1
    58 | D:1      | Found Hegytoe's Armour Shop.
    71 | D:1      | Reached XP level 2. HP: 11/18 MP: 2/2
   338 | D:1      | Reached XP level 3. HP: 13/23 MP: 3/3
   776 | D:2      | Noticed Sigmund
   785 | D:2      | Killed Sigmund
   786 | D:2      | Reached skill level 4 in Shapeshifting
   786 | D:2      | Reached XP level 4. HP: 30/30 MP: 4/4
   786 | D:2      | Reached XP level 5. HP: 35/35 MP: 5/5
   881 | D:2      | Identified the +7 hand axe of Quukhliat {heavy, rF++ rC+
                  | MP+9 SInv}
   921 | D:2      | Noticed Robin
   939 | D:2      | Killed Robin
   951 | D:2      | Reached XP level 6. HP: 16/41 MP: 6/6
  1469 | D:2      | Noticed Natasha
  1473 | D:2      | Killed Natasha
  1679 | D:2      | Noticed Natasha
  1683 | D:2      | Killed Natasha
  1700 | D:2      | Noticed Natasha
  1706 | D:2      | Killed Natasha
  1779 | D:3      | Found a glowing golden altar of the Shining One.
  1827 | D:3      | Found Dagi's Magic Scroll Shop.
  1960 | D:3      | Found a runed translucent door.
  1964 | D:3      | Noticed LowPressure's ghost (amateur DsGl)
  2031 | D:3      | Reached skill level 5 in Shapeshifting
  2031 | D:3      | Reached XP level 7. HP: 37/46 MP: 7/7
  2703 | D:3      | HP: 2/46 [gnoll/+0 club (4)]
  2704 | D:3      | Slain by a gnoll

Illustrated notes

Levels and vault maps discovered:
D:1:      evilmike_arrival_plus, layout_basic, serial_shops, shop
D:2:      layout_basic, minmay_heptomino_d4, uniq_sigmund, uniq_robin,
          uniq_natasha
D:3:      minmay_goblin_kobold_castle, layout_basic,
          nicolae_tso_besieged_by_evil, serial_shops, shop,
          ebering_ghost_sewer_d

Skill      XL: |  1  2  3  4  5  6 |
---------------+-------------------+-----
Fighting       | 2 3 |  3.3
Dodging        | 3 |  3.7
Shapeshifting  | 4 5 |  5.1
Unarmed Combat | 4 |  4.4

Action                     |  1- 3 |  4- 6 |  7- 9 || total
---------------------------+-------+-------+-------++-------
  Melee: Unarmed           |    69 |    14 |       ||    83
         Constrict         |    12 |    16 |     7 ||    35
         Tentacles         |     9 |    14 |     2 ||    25
         Punch             |     1 |     3 |       ||     4
         Hand axe          |       |    62 |    32 ||    94
    Use: Scroll            |     2 |     2 |       ||     4
         Potion            |     1 |       |       ||     1
   Stab: Sleeping          |     5 |     2 |     1 ||     8
 Armour: Skin              |    42 |    43 |    30 ||   115
  Dodge: Dodged            |    43 |    49 |    39 ||   131
